 Dungeon Crawl Stone Soup version 0.29-a0-330-g52719c12eb (webtiles) character file.

Game seed: 6143642859074999505

977 HoaS the Archer (level 8, -1/44 HPs)
             Began as a Gargoyle Hunter on May 19, 2022.
             Slain by an orc
             ... wielding a +2 flail of protection
              (6 damage)
             ... on level 5 of the Dungeon.
             The game lasted 00:13:10 (5684 turns).

HoaS the Archer (Gargoyle Hunter)                   Turns: 5684, Time: 00:13:11

Health: -1/44      AC: 14    Str: 15    XL:     8   Next: 17%
Magic:  8/8        EV: 17    Int: 10    God:
Gold:   302        SH:  0    Dex: 15    Spells: 7/7 levels left

rFire   . . .      SeeInvis .   a - +2 shortbow
rCold   . . .      Faith    .   (shield currently unavailable)
rNeg    + . .      Spirit   .   j - +0 scale mail
rPois   ∞          Reflect  .   i - +2 helmet
rElec   +          Harm     .   (no cloak)
rCorr   .          Rampage  .   (no gloves)
Will    .....                   (no boots)
Stlth   ..........              (no amulet)
HPRegen 0.14/turn               g - +4 ring of evasion
MPRegen 0.11/turn               k - +4 ring of evasion

@: studying Dodging
A: sickness immunity, AC +5, negative energy resistance 1, electricity
resistance, torment resistance 1, petrification resistance
a: no special abilities


You were on level 5 of the Dungeon.
You visited 1 branch of the dungeon, and saw 5 of its levels.
You also visited: Ossuary.

You collected 302 gold pieces.

Inventory:

Hand Weapons
 a - a +2 shortbow (weapon)
Armour
 i - a +2 helmet (worn)
 j - a +0 scale mail (worn)
Jewellery
 f - a ring of resist corrosion
 g - a +4 ring of evasion (left hand)
 k - a +4 ring of evasion (right hand)
Scrolls
 c - 2 scrolls of immolation
 o - a scroll of fog
Potions
 b - 2 potions of berserk rage
 d - a potion of attraction {unknown}
 e - a potion of heal wounds {unknown}
 h - 4 potions of curing {unknown}
 l - 2 potions of might {unknown}
 m - a potion of lignification {unknown}
 n - a potion of ambrosia {unknown}
 p - 2 potions of flight {unknown}
 s - 3 potions of degeneration {unknown}


   Skills:
 - Level 2.1 Fighting
 + Level 10.1 Bows
 - Level 1.5 Dodging
 - Level 1.1 Stealth


You had 7 spell levels left.
You didn't know any spells.
Your spell library contained the following spells:

 Spells                   Type           Power      Damage    Failure   Level
 Sandblast                Erth           0%         2d4       85%         1
 Slow                     Hex            0%         N/A       85%         1
 Corpse Rot               Necr/Air       0%         N/A       94%         2
 Passwall                 Tmut/Erth      0%         N/A       94%         2
 Poisonous Vapours        Pois/Air       0%         N/A       94%         2
 Confusing Touch          Hex            0%         N/A       99%         3
 Stone Arrow              Conj/Erth      0%         3d7       99%         3
 Vampiric Draining        Necr           0%         2d6       99%         3


Dungeon Overview and Level Annotations

Branches:
Dungeon (5/15)            Ossuary (visited)
 Temple: D:4-7

Altars:

Annotations:
D:5 2 transporters, initializr's ghost, novice MiFi


Innate Abilities, Weirdness & Mutations

You are immune to sickness and miasma.
Your stone body is resilient. (AC +5)
You are immune to poison.
You resist negative energy. (rN+)
You are resistant to electric shocks. (rElec)
You are resistant to unholy torment.
You are immune to petrification.


Message History

The acid dragon bites you!
* * * LOW HITPOINT WARNING * * *
The acid dragon claws you but does no damage.
Shoot: a) +2 shortbow
Press: ? - help, Q - select action Shift-Dir - straight line, f/p - acid dragon
Aim: an acid dragon (severely wounded, 66% to hit)
You shoot an arrow. The arrow hits the acid dragon.
The acid dragon is almost dead.
An orc comes into view.
It is wielding a +2 flail of protection.
The acid dragon bites you but does no damage.
The acid dragon claws you but does no damage.
Shoot: a) +2 shortbow
Press: ? - help, Q - select action Shift-Dir - straight line, f/p - acid dragon
Aim: an acid dragon (almost dead, 66% to hit)
You shoot an arrow.
The arrow closely misses the acid dragon.
The acid dragon misses you. The acid dragon barely misses you.
The acid dragon spits acid at you. The splash of acid hits you.
* * * LOW HITPOINT WARNING * * *
You hear a shout!
Shoot: a) +2 shortbow
Press: ? - help, Q - select action Shift-Dir - straight line, f/p - acid dragon
Aim: an acid dragon (almost dead, catching its breath, 66% to hit)
You shoot an arrow.
The arrow hits the acid dragon but does no damage.
The acid dragon is almost dead.
The acid dragon closely misses you. x2
Shoot: a) +2 shortbow
Press: ? - help, Q - select action Shift-Dir - straight line, f/p - acid dragon
Aim: an acid dragon (severely wounded, catching its breath, 66% to hit)
You shoot an arrow. The arrow hits the acid dragon!
You kill the acid dragon!
Your Bows skill increases to level 10!
Shoot: a) +2 shortbow
Press: ? - help, Q - select action Shift-Dir - straight line, f - orc
Aim: an orc, wielding a +2 flail of protection (67% to hit)
You shoot an arrow. The arrow barely misses the orc.
The orc hits you with a +2 flail of protection.
You die...

# *,,,,***,....,,,* # *,,,,*
*.....,,,*
###############,,,,*##...D.,,,*
............##..,,,,.<...,,,,,*
....#####....#.#,,,,...##+#****
........#....#.#####o.....#
.............#.#)).oo.....#
.........†.....#o###......#
##########.....#@# *....(.#
........©#.......# *......#
.........#...#.### *...o..#
###.###..#...#..# *....o.#**
#8#.#8#..#..##..# *##...o.,*
.........#..##..## *..o..,*
...©.....#©..#...# **,,,,,*
........$#.....#.## *,,,,,*
#8#.#8#..#..##.#..# *,,,,,*


You could see an orc.

Vanquished Creatures
  A wraith (Ossuary)
  An acid dragon (D:5)
  An ogre (D:4)
  A phantom (D:5)
  A kobold brigand (D:5)
  2 scorpions
  A gnoll shaman (D:4)
  A hound (D:4)
  A jelly (D:4)
  2 orc wizards
  A mummy (Ossuary)
  5 gnolls (D:4)
  7 adders
  An ufetubus (D:4)
  2 worms
  A dart slug (D:1)
  6 orcs
  5 bats
  5 endoplasms
  A giant cockroach (D:2)
  5 goblins
  6 hobgoblins
  7 jackals
  7 kobolds
  2 quokkas
  7 ball pythons
  4 frilled lizards
  7 gnoll skeletons (Ossuary)
  6 kobold skeletons (Ossuary)
  12 orc skeletons (Ossuary)
  3 rats
112 creatures vanquished.

Vanquished Creatures (others)
  An orc wizard (D:5)
  A demonic plant (D:1)
  5 plants (D:4)
7 creatures vanquished.

Grand Total: 119 creatures vanquished

Notes
Turn   | Place    | Note
-------+----------+-------------------------------------------
     0 | D:1      | HoaS the Gargoyle Hunter began the quest for the Orb.
     0 | D:1      | Reached XP level 1. HP: 12/12 MP: 1/1
   386 | D:1      | Found a faded altar of an unknown god.
   409 | D:1      | Reached XP level 2. HP: 17/17 MP: 2/2
  1218 | D:2      | Reached skill level 5 in Bows
  1218 | D:2      | Reached XP level 3. HP: 12/21 MP: 3/3
  1649 | D:2      | Reached XP level 4. HP: 26/26 MP: 4/4
  2414 | D:3      | Reached skill level 6 in Bows
  2436 | D:3      | Reached XP level 5. HP: 13/30 MP: 5/5
  3518 | D:4      | Reached skill level 7 in Bows
  3518 | D:4      | Reached XP level 6. HP: 35/35 MP: 6/6
  4332 | D:4      | Reached skill level 8 in Bows
  4495 | D:4      | Reached XP level 7. HP: 40/40 MP: 7/7
  4947 | D:5      | Entered Level 5 of the Dungeon
  5013 | D:5      | Found a sand-covered staircase.
  5022 | Ossuary  | Entered an ossuary
  5022 | Ossuary  | Noticed a wraith
  5022 | Ossuary  | Noticed a wraith
  5022 | Ossuary  | Noticed a wraith
  5139 | Ossuary  | Identified a scroll of acquirement
  5139 | Ossuary  | Acquired a manual of Dodging
  5154 | Ossuary  | Noticed a wraith
  5187 | Ossuary  | Killed a wraith
  5188 | Ossuary  | Reached skill level 9 in Bows
  5537 | D:5      | Found a transporter.
  5537 | D:5      | Noticed initializr's ghost (novice MiFi)
  5540 | D:5      | Found a transporter.
  5667 | D:5      | Reached XP level 8. HP: 33/44 MP: 8/8
  5684 | D:5      | Reached skill level 10 in Bows
  5684 | D:5      | Slain by an orc

Illustrated notes

Levels and vault maps discovered:
D:1:      dpeg_arrival_more_subterranean_lakeside_camping, layout_basic,
          shapermc_ecumenical_altar_gd
D:2:      layout_basic, hangedman_decor_diamond_cutter, dk_noncrumbling_2,
          minmay_tetromino_l4
D:3:      layout_basic
D:4:      layout_layer_cave, serial_forest, infiniplex_forest_clump_curved,
          infiniplex_forest_lined_corner, infiniplex_forest_end_2,
          infiniplex_forest_corner_1, infiniplex_forest_straight_3,
          infiniplex_forest_corner_1, infiniplex_forest_clump_small,
          infiniplex_forest_end_double
D:5:      layout_basic, gammafunk_ghost_mausoleum, enter_ossuary_1

Skill      XL: |  1  2  3  4  5  6  7  8 |
---------------+-------------------------+-----
Bows           | 5 6 7 8 9 10 | 10.1
Fighting       | |  2.1
Dodging        | |  1.5
Stealth        | |  1.1

Action                   |  1- 3 |  4- 6 |  7- 9 || total
-------------------------+-------+-------+-------++-------
Melee: Unarmed           |       |       |    22 ||    22
       Punch             |       |       |     1 ||     1
 Fire: Shortbow          |    74 |   179 |   131 ||   384
  Use: Scroll            |     2 |     6 |     5 ||    13
Armor: Ring mail         |    13 |       |       ||    13
       Scale mail        |     5 |    47 |    37 ||    89
Dodge: Dodged            |    26 |   110 |    96 ||   232

Table legend: (Time is in decaauts)
 A = Elapsed time spent in this place.
 B = Non-inter-level travel time spent in this place.
 C = Inter-level travel time spent in this place.
 D = Time resting spent in this place.
 E = Time spent auto-exploring this place.
 F = Levels seen in this place.
 G = Mean time per level.
                   A        B        C        D        E       F      G
               +--------+--------+--------+--------+--------+-----+--------+
         Total |   5829 |   5663 |    166 |   1286 |   3519 |   6 |  971.5 |
       Dungeon |   5373 |   5207 |    166 |   1069 |   3440 |   5 | 1074.6 |
       Ossuary |    455 |    455 |      0 |    216 |     79 |   1 |  455.0 |
               +--------+--------+--------+--------+--------+-----+--------+

Top non-repeatable levels by time:
     D:4: 1645 daAuts
     D:3: 1228 daAuts
     D:1: 1088 daAuts
     D:2: 1082 daAuts
 Ossuary: 455 daAuts
     D:5: 327 daAuts
